 Dungeon Crawl Stone Soup version 0.30-a0-672-gc3a7216ad8 (webtiles) character file.

Game seed: 7686760921313964198

37 Newt the Sneak (level 3, 0/27 HPs)
             Began as a Demonspawn Gladiator on Jan 18, 2023.
             Killed from afar by Natasha (3 damage)
             ... with a magic dart
             ... on level 2 of the Dungeon.
             The game lasted 00:01:33 (1136 turns).

Newt the Sneak (Demonspawn Gladiator)               Turns: 1136, Time: 00:01:34

Health: 0/27       AC:  6    Str: 16    XL:     3   Next: 23%
Magic:  3/3        EV: 17    Int:  9    God:
Gold:   94         SH:  0    Dex: 14    Spells: 2/2 levels left

rFire   . . .      SeeInvis +    i - +2 short sword (vamp)
rCold   . . .      Faith    .    (no shield)
rNeg    . . .      Spirit   .    b - +1 leather armour
rPois   .          Reflect  .    (helmet restricted)
rElec   .          Harm     .    (no cloak)
rCorr   .          Rampage  .    (no gloves)
Will    .....                    q - +1 pair of boots {Stlth+}
Stlth   +++                      (no amulet)
HPRegen 0.24/turn                j - +5 ring of evasion
MPRegen 0.16/turn                g - ring of see invisible

@: no status effects
A: antennae 1, magic regeneration
a: no special abilities


You were on level 2 of the Dungeon.
You visited 1 branch of the dungeon, and saw 2 of its levels.

You collected 94 gold pieces.

Inventory:

Hand Weapons
 a - a +0 rapier
 i - a +2 vampiric short sword (weapon)
Missiles
 d - 3 throwing nets
 e - a javelin
 f - 3 boomerangs (quivered)
Armour
 b - a +1 leather armour (worn)
 c - a +0 helmet
 q - a +1 pair of boots of stealth (worn)
Jewellery
 g - a ring of see invisible (right hand)
 j - a +5 ring of evasion (left hand)
Wands
 m - a wand of charming (13)
Scrolls
 h - a scroll of identify {unknown}
 l - a scroll of noise {unknown}
 n - a scroll of vulnerability {unknown}
 p - a scroll of summoning {unknown}
 r - 3 scrolls of enchant armour
Potions
 k - a potion of lignification {unknown}
 o - a potion of curing {unknown}


   Skills:
 - Level 2.0 Fighting
 - Level 2.6 Short Blades
 + Level 1.7 Throwing
 - Level 2.6 Dodging
 - Level 3.0 Stealth


You had 2 spell levels left.
You didn't know any spells.
Your spell library was empty.

Dungeon Overview and Level Annotations

Branches:
Dungeon (2/15)

Altars:

Shops:
D:1 (

Annotations:
D:2 Natasha


Innate Abilities, Weirdness & Mutations

You have a pair of small antennae on your head.
You regenerate magic rapidly.


Message History

You need to enable at least one skill for training.
You barely miss Natasha. Natasha misses you.
You miss Natasha. Natasha claws you.
You closely miss Natasha. Natasha closely misses you.
You hit Natasha. Your punch misses Natasha.
Natasha is heavily wounded.
Natasha claws you!
You hit Natasha.
You feel better.
Natasha is severely wounded.
You barely miss Natasha.
Natasha is severely wounded.
Natasha mumbles some strange words.
You barely miss Natasha.
Natasha is severely wounded.
Natasha closely misses you.
You closely miss Natasha.
Natasha is severely wounded.
Natasha closely misses you.
Okay, then.
Throw: 3 boomerangs
Press: ? - help, Q - select action, (/) - cycle Shift-Dir - straight line, f - Natasha
Aim: Natasha (severely wounded, 51% to hit)
You throw a boomerang. The boomerang hits Natasha.
Natasha is almost dead.
Natasha closely misses you. The white imp gestures at you.
The puff of frost hits you!
* * * LOW HITPOINT WARNING * * *
Throw: 3 boomerangs
Press: ? - help, Q - select action, (/) - cycle Shift-Dir - straight line, f/p - Natasha
Aim: Natasha (almost dead, 51% to hit)
You throw a boomerang. The boomerang barely misses Natasha.
Natasha casts a spell at you.
The magic dart hits you but does no damage.
The white imp gestures at you. The puff of frost hits you.
* * * LOW HITPOINT WARNING * * *
Natasha casts a spell at you. The magic dart hits you.
You die...

*.#*****,* #.#,,,,*,*
#.#,<*,#,#########
#^####.#,#.......#
###......#,#.......#
####.....####,#.......#
#>.<.........,#.......#
#....5h..####*#.......#
#.....@..# #.......#
#.#.†....# #.......#
#.###..#.# #......)#
#.####...# #.......#
#...##...######._.....#
###.####..............'
#.......#####.......#
#######.....#.......#
#####..########


You could see Natasha and a white imp (summoned).

Vanquished Creatures
  An adder (D:2)
  2 dart slugs (D:1)
  5 ball pythons (D:1)
  An endoplasm (D:1)
  2 giant cockroaches (D:2)
  2 goblins (D:1)
  A hobgoblin (D:1)
  2 kobolds (D:1)
  2 quokkas
  3 bats (D:1)
  A frilled lizard (D:2)
  A rat (D:2)
23 creatures vanquished.

Notes
Turn   | Place    | Note
-------+----------+-------------------------------------------
     0 | D:1      | Newt the Demonspawn Gladiator began the quest for the Orb.
     0 | D:1      | Reached XP level 1. HP: 16/16 MP: 1/1
    63 | D:1      | Found Jitaemn's Antique Weapon Emporium.
    75 | D:1      | Reached skill level 1 in Stealth
   228 | D:1      | Gained mutation: You have a pair of small antennae on your
                  | head. [demonic ancestry]
   228 | D:1      | Reached XP level 2. HP: 22/22 MP: 2/2
   365 | D:1      | Reached skill level 2 in Stealth
   978 | D:2      | Gained mutation: You regenerate magic rapidly. [demonic
                  | ancestry]
   978 | D:2      | Reached XP level 3. HP: 27/27 MP: 3/3
  1016 | D:2      | Found a faded altar of an unknown god.
  1124 | D:2      | Noticed Natasha
  1126 | D:2      | Reached skill level 3 in Stealth
  1136 | D:2      | Killed from afar by Natasha

Illustrated notes

Levels and vault maps discovered:
D:1:      dpeg_arrival_triangle_fractal, layout_basic, serial_shops, shop
D:2:      layout_basic, basic_altar, basic_ecumenical_altar, uniq_natasha

Skill      XL: |  1  2  3 |
---------------+----------+-----
Stealth        | 1 2 3 |  3.0
Fighting       | |  2.0
Short Blades   | |  2.6
Throwing       | |  1.7
Dodging        | |  2.6

Action                   || total
-------------------------++-------
Melee: Rapier            ||    19
       Short sword       ||    54
Throw: Throwing net      ||     1
       Boomerang         ||     2
  Use: Potion            ||     2
       Scroll            ||     4
 Stab: Sleeping          ||     1
Armor: Leather armour    ||    14
Dodge: Dodged            ||    53

Table legend: (Time is in decaauts)
 A = Elapsed time spent in this place.
 B = Non-inter-level travel time spent in this place.
 C = Inter-level travel time spent in this place.
 D = Time resting spent in this place.
 E = Time spent auto-exploring this place.
 F = Levels seen in this place.
 G = Mean time per level.
                   A        B        C        D        E       F      G
               +--------+--------+--------+--------+--------+-----+--------+
         Total |   1109 |   1070 |     39 |    135 |    699 |   2 |  554.5 |
       Dungeon |   1109 |   1070 |     39 |    135 |    699 |   2 |  554.5 |
               +--------+--------+--------+--------+--------+-----+--------+

Top non-repeatable levels by time:
     D:1: 630 daAuts
     D:2: 479 daAuts
